Map: Cradle of Death

Players

NamroodTuo

  • Race: Zerg Zerg

Kruszaz

  • Race: Zerg Zerg

VOD

Have the link to the VOD?

Description

Time

  • Played on: Dec. 28, 2022, 5:26 p.m.
  • Length: 32:51
Show
View Real Time Build Order
Export as new Build Order

NamroodTuo Zerg 

Build Orders:  

Get SALT Encoding   

  12  0:03  Infested SCV  
  13  0:11  Unknown  
  13  0:25  Infested SCV  
  13  0:26  Infested SCV  
  15  0:49  Infested Barracks  
  15  0:51  Overlord  
  15  1:35  Infested SCV  
  15  1:36  Infested SCV x2  
  15  1:37  Infested SCV  
  19  1:40  Overlord  
  19  1:58  Infestation Level 1  
  19  2:00  Infested SCV  
  19  2:07  Infested Refinery  
  20  2:12  Infested SCV, Infested Refinery  
  21  2:49  Infested SCV  
  22  2:50  Infested SCV  
  22  2:54  Infested Barracks Tech Lab  
  23  3:16  Infested SCV x2  
  25  3:30  Overlord  
  25  3:52  Overlord  
  25  3:53  Infested Engineering Bay  
  25  4:02  Retinal Augmentation  
  25  5:08  Infested Marine  
  25  5:09  Unknown, Infested Marine x19  
  45  5:14  Stukov Infantry Weapons Level 1  
  45  6:33  Unknown  
  25  6:54  Infested Marine  
  25  6:55  Infested Marine x14  
  40  7:01  Infestation Level 2  
  40  7:10  Infested Factory  
  40  7:37  Infested Command Center  
  40  7:54  Stukov Infantry Armor Level 1  
  39  8:36  Infested Marine x3  
  39  8:37  Infested Marine x16  
  44  9:04  Infested Marine  
  44  9:05  Infested Marine x2  
  44  9:09  Overlord x4  
  47  9:10  Overlord  
  47  9:43  Infested Marine x3  
  47  9:44  Infested Marine x8  
  36  10:34  Regenerative Plating  
  25  11:21  Infested Armory  
  25  11:22  Infested SCV  
  25  11:23  Infested SCV x4  
  30  11:31  Infested Refinery  
  30  11:41  Overlord x3  
  30  11:42  Overlord x2  
  30  11:44  Infested Marine  
  30  11:45  Infested Marine x17  
  30  11:46  Infested Marine x2  
  49  12:51  Infested Marine  
  49  12:52  Infested Marine x12  
  59  13:26  Stukov Infantry Weapons Level 2  
  43  13:37  Aggressive Incubation  
  43  13:49  Infested Refinery  
  43  13:55  Infested SCV x5  
  48  14:04  Overlord x2  
  48  14:05  Overlord x3  
  48  14:17  Infested Barracks  
  48  14:28  Infested Barracks  
  35  15:04  Infested Marine x3  
  35  15:05  Infested Marine x17  
  55  15:26  Infested Marine x6  
  61  15:48  Infested Marine  
  61  15:49  Infested Marine x7  
  69  15:50  Infested Marine x5  
  69  15:51  Infested Marine x2  
  76  16:35  Infested Marine  
  76  16:36  Stukov Infantry Armor Level 2, Infested Marine x25  
  76  16:37  Infested Marine  
  101  16:42  Infestation Level 3  
  83  17:09  Unknown  
  62  17:54  Infested Marine x10  
  62  17:55  Infested Marine x26  
  97  18:01  Infested SCV  
  97  18:02  Infested SCV x4  
  65  18:43  Infested Marine x5  
  65  18:44  Infested Marine x17  
  72  18:53  Infested Marine x11  
  62  19:46  Calcified Armor  
  59  19:50  Infested Marine x9  
  59  19:51  Infested Marine x17  
  65  20:23  Infested Marine x2  
  65  20:24  Infested Marine x27  
  65  20:25  Infested Marine x5  
  83  20:46  Stukov Infantry Weapons Level 3  
  35  22:11  Infested SCV  
  35  22:12  Infested SCV x4  
  35  22:19  Infested Armory  
  40  22:28  Infested SCV  
  45  22:41  Infested Bunker  
  37  22:50  Unknown, Overseer  
  37  23:00  Infested Marine  
  37  23:01  Infested Marine x22  
  37  23:02  Infested Marine x17  
  63  24:03  Infested Marine  
  63  24:04  Infested Marine x11  
  63  24:05  Infested Marine x13  
  61  25:19  Infested Bunker  
  69  25:20  Infested Bunker  
  69  25:23  Infested Bunker  
  69  25:28  Infested SCV  
  69  25:29  Infested SCV x4  
  45  26:42  Infested Marine x5  
  45  26:43  Infested Marine x25  
  45  26:44  Infested Marine x10  
  85  26:55  Unknown  
  85  27:24  Infested Bunker  
  85  27:27  Infested Bunker  
  93  27:35  Infested Missile Turret  
  93  27:39  Infested Missile Turret  
  97  28:01  Infested Bunker  
  97  28:08  Infested Barracks  
  57  28:28  Infested Marine  
  57  28:29  Infested Marine x22  
  80  28:30  Infested Marine x17  
  91  29:56  Infested Marine  
  91  29:57  Infested Marine x17  
  91  29:58  Infested Marine x17  
  92  30:12  Overseer  
  92  30:13  Overseer  
  92  30:24  Infested Marine x8  
  92  30:25  Infested Marine x3  
  102  31:17  Infested Marine x9  
  102  31:18  Infested Marine x12  
  89  31:44  Infested Marine  
  89  31:45  Infested Marine x10  
Show
View Real Time Build Order
Export as new Build Order

Kruszaz Zerg 

Build Orders:  

Get SALT Encoding   

  18  0:13  Unknown  
  18  0:15  Extractor  
  18  0:19  Extractor  
  18  1:00  Primal Drone x3  
  18  1:01  Primal Drone x2  
  23  1:16  Primal Drone  
  24  6:30  Unknown  
  24  7:14  Primal Drone x5  
  32  7:41  Primal Warden x2  
  32  7:43  Primal Warden  
  32  7:44  Primal Warden  
  32  7:46  Primal Drone x2  
  32  7:47  Primal Warden  
  36  9:52  Glevig's Den  
  35  13:16  Primal Warden  
  35  13:18  Primal Warden x2  
  35  13:27  Primal Warden  
  35  13:29  Primal Warden  
  35  13:39  Unknown  
  35  17:12  Unknown  
  35  17:36  Muscular Augments  
  35  17:43  Primal Drone  
  35  17:44  Primal Drone x4  
  40  19:35  Glevig's Den  
  39  22:18  Unknown  
  39  24:40  Unknown  
  31  26:53  Unknown  
  31  27:15  Primal Warden  
  31  27:21  Dissolving Acid  
  31  27:27  Primal Drone x4  
  31  27:28  Primal Drone  
  36  28:21  Enlarged Parotid Glands  
  36  28:36  Primal Warden  
  36  28:37  Primal Warden  
  39  28:46  Primal Warden  
  39  28:51  Murvar's Den  
  38  29:21  Glial Reconstitution  
Tags
 
Commander
DehakaStukov
Matchup
Co-op
Replay Pack
Multiplayer
Add a new tag
Caveats
  • Supply blocks, unpowered buildings, or Contaminate may cause inaccurate times.
  • Supply counts are checked every 10 seconds.